[ PARTIDA AOE2 · #505271109 ]
UnrankedBohemios vs Wei
Equipo del jugador · VICT
Equipo rival · DERR
[ ANÁLISIS DE REPETICIÓN · EXTRAÍDO DE LA PARTIDA GRABADA ]
Feudal
12:19
Castillos
23:04
Imperial
34:41
| APM promedio | 23.0 |
| APM pico | 46 |
| eAPM promedio | 17.5 |
| Aldeanos / militares | 144 / 215 |
Foco
⚔️ 29.1% · 🌾 70.9%
Spearman ×89 · Hussite Wagon ×79 · Monk ×31 · Bombard Cannon ×9 · Militia ×5 · Trebuchet (Packed) ×2
Feudal
11:35
Castillos
24:49
Imperial
32:13
| APM promedio | 48.7 |
| APM pico | 90 |
| eAPM promedio | 26.8 |
| Aldeanos / militares | 117 / 125 |
Foco
⚔️ 21.2% · 🌾 78.8%
Scout Cavalry ×114 · Unknown (1952) ×104 · Unknown (1942) ×17 · Unknown (1949) ×13 · Archer ×5 · Mangonel ×4
Mapa de la partida
Recursos iniciales + cada clic de construcción. Líneas = muros · curvas = relieve. ◆ oro · ⬟ piedra · ● bayas · ✦ reliquia · ◌ hueco del cierre
Tu base· Abierta — el rival se encerró
Base de Gilbert builds a Blacksmith· ✓ Cerrada en 24:49 · 119t muro · sin puerta
Terreno inicial suavizado · ◌ = hueco del cierre detectado · pasá el cursor para detalles
Inputs por minuto
— Banana Latte - - Gilbert builds a Blacksmith
Build order — Banana Latte
Primeras 150 de 442 acciones detectadas
| 0:01 | Encolar | Villager (Male) ×4 |
| 0:03 | Construir | House |
| 0:05 | Construir | House |
| 1:26 | Encolar | Villager (Male) |
| 2:09 | Encolar | Villager (Male) |
| 2:27 | Encolar | Villager (Male) |
| 2:51 | Encolar | Villager (Male) |
| 3:09 | Encolar | Villager (Male) |
| 3:20 | Construir | Barracks |
| 3:35 | Construir | House |
| 3:36 | Encolar | Villager (Male) |
| 3:56 | Encolar | Villager (Male) |
| 4:12 | Construir | House |
| 4:18 | Investigar | Loom |
| 4:53 | Encolar | Militia |
| 4:53 | Encolar | Militia |
| 4:59 | Encolar | Villager (Male) |
| 5:26 | Encolar | Militia |
| 5:34 | Encolar | Villager (Male) |
| 5:36 | Encolar | Villager (Male) |
| 5:58 | Encolar | Militia |
| 6:12 | Encolar | Villager (Male) |
| 6:28 | Construir | House |
| 6:40 | Encolar | Villager (Male) |
| 6:54 | Construir | House |
| 7:08 | Encolar | Villager (Male) |
| 7:11 | Encolar | Militia |
| 7:22 | Encolar | Villager (Male) |
| 7:49 | Encolar | Villager (Male) |
| 8:14 | Construir | Lumber Camp |
| 8:17 | Encolar | Villager (Male) |
| 8:37 | Encolar | Villager (Male) |
| 9:12 | Encolar | Villager (Male) |
| 9:39 | Encolar | Villager (Male) |
| 9:41 | Construir | Mill |
| 9:50 | Encolar | Villager (Male) |
| 10:03 | Investigar | Feudal Age |
| 10:31 | Construir | Mill |
| 11:05 | Construir | Mining Camp |
| 11:19 | Construir | House |
| 11:45 | Construir | House |
| 12:01 | Encolar | Villager (Male) |
| 12:19 | Edad | Edad Feudal |
| 12:21 | Encolar | Villager (Male) |
| 12:25 | Investigar | Double-Bit Axe |
| 12:27 | Construir | Blacksmith |
| 12:56 | Construir | Watch Tower |
| 13:00 | Construir | Farm |
| 13:03 | Encolar | Villager (Male) |
| 13:17 | Construir | Farm |
| 13:27 | Encolar | Villager (Male) |
| 13:36 | Investigar | Man-at-Arms (upgrade) |
| 13:41 | Investigar | Arson |
| 13:46 | Construir | Farm |
| 13:48 | Encolar | Villager (Male) |
| 14:01 | Investigar | Forging |
| 14:03 | Construir | Farm |
| 14:21 | Encolar | Villager (Male) |
| 14:30 | Construir | Farm |
| 14:31 | Encolar | Villager (Male) |
| 14:54 | Investigar | Fletching |
| 14:56 | Construir | Farm |
| 14:58 | Encolar | Villager (Male) |
| 15:19 | Construir | Mining Camp |
| 15:26 | Encolar | Villager (Male) |
| 15:34 | Construir | Farm |
| 15:51 | Construir | House |
| 15:54 | Encolar | Villager (Male) |
| 16:10 | Encolar | Villager (Male) |
| 16:45 | Construir | Market |
| 16:50 | Encolar | Villager (Male) |
| 16:57 | Construir | Farm |
| 17:13 | Encolar | Villager (Male) |
| 17:37 | Construir | Watch Tower |
| 17:44 | Encolar | Villager (Male) |
| 17:46 | Construir | Farm |
| 17:48 | Construir | Farm |
| 17:56 | Investigar | Horse Collar |
| 18:11 | Encolar | Villager (Male) |
| 18:13 | Construir | Farm |
| 18:48 | Encolar | Villager (Male) |
| 18:50 | Construir | Farm |
| 18:57 | Construir | House |
| 18:59 | Construir | House |
| 19:13 | Encolar | Villager (Male) |
| 19:21 | Construir | Farm |
| 19:31 | Construir | House |
| 19:32 | Construir | House |
| 19:57 | Construir | Farm |
| 19:59 | Encolar | Villager (Male) |
| 19:59 | Encolar | Villager (Male) |
| 20:20 | Investigar | Castle Age |
| 21:29 | Investigar | Scale Mail Armor |
| 22:18 | Encolar | Villager (Male) |
| 23:04 | Edad | Edad de los Castillos |
| 23:05 | Encolar | Villager (Male) |
| 23:20 | Construir | Castle |
| 23:25 | Investigar | Bodkin Arrow |
| 23:32 | Construir | University |
| 23:34 | Investigar | Bow Saw |
| 23:39 | Investigar | Long Swordsman (upgrade) |
| 23:41 | Investigar | Squires |
| 23:58 | Encolar | Villager (Male) |
| 23:58 | Encolar | Villager (Male) |
| 24:08 | Construir | Town Center |
| 24:12 | Construir | Town Center |
| 24:47 | Encolar | Villager (Male) |
| 24:51 | Encolar | Villager (Male) |
| 25:02 | Encolar | Villager (Male) |
| 25:02 | Encolar | Villager (Male) |
| 25:12 | Encolar | Villager (Male) |
| 25:19 | Encolar | Villager (Male) |
| 25:19 | Encolar | Villager (Male) |
| 25:20 | Encolar | Villager (Male) |
| 25:30 | Encolar | Hussite Wagon |
| 25:38 | Encolar | Villager (Male) |
| 25:45 | Construir | Farm |
| 25:45 | Construir | Farm |
| 25:45 | Construir | Farm |
| 25:46 | Construir | Farm |
| 25:46 | Construir | Farm |
| 25:46 | Construir | Farm |
| 25:46 | Construir | Farm |
| 25:46 | Construir | Farm |
| 25:47 | Construir | Farm |
| 25:54 | Construir | Farm |
| 25:57 | Construir | Farm |
| 26:07 | Encolar | Hussite Wagon |
| 26:19 | Construir | Farm |
| 26:22 | Construir | Farm |
| 26:25 | Encolar | Villager (Male) |
| 26:34 | Investigar | Heavy Plow |
| 26:35 | Encolar | Villager (Male) |
| 26:52 | Construir | Farm |
| 26:57 | Encolar | Villager (Male) |
| 26:58 | Encolar | Villager (Male) |
| 26:59 | Investigar | Ballistics |
| 27:02 | Construir | Farm |
| 27:04 | Construir | Mill |
| 27:06 | Encolar | Villager (Male) |
| 27:08 | Encolar | Villager (Male) |
| 27:20 | Encolar | Hussite Wagon |
| 27:20 | Encolar | Hussite Wagon |
| 27:22 | Encolar | Villager (Male) |
| 27:23 | Encolar | Villager (Male) |
| 27:23 | Encolar | Villager (Male) |
| 27:41 | Encolar | Villager (Male) |
| 27:41 | Encolar | Villager (Male) |
| 27:42 | Encolar | Villager (Male) |
| 27:47 | Encolar | Villager (Male) |
Build order — Gilbert builds a Blacksmith
Primeras 150 de 474 acciones detectadas
| 0:03 | Construir | House |
| 0:03 | Encolar | Villager (Male) |
| 0:04 | Encolar | Villager (Male) |
| 0:05 | Construir | House |
| 0:10 | Investigar | Loom |
| 0:34 | Encolar | Villager (Male) |
| 0:46 | Encolar | Villager (Male) |
| 1:02 | Construir | Palisade Wall |
| 1:07 | Encolar | Villager (Male) |
| 2:03 | Construir | Lumber Camp |
| 2:10 | Encolar | Villager (Male) |
| 2:10 | Encolar | Villager (Male) |
| 2:35 | Encolar | Villager (Male) |
| 2:36 | Encolar | Villager (Male) |
| 2:36 | Encolar | Villager (Male) |
| 3:02 | Encolar | Villager (Male) |
| 3:02 | Encolar | Villager (Male) |
| 3:41 | Encolar | Villager (Male) |
| 3:41 | Encolar | Villager (Male) |
| 3:41 | Encolar | Villager (Male) |
| 3:52 | Construir | House |
| 4:02 | Encolar | Villager (Male) |
| 4:02 | Encolar | Villager (Male) |
| 4:30 | Encolar | Villager (Male) |
| 4:31 | Encolar | Villager (Male) |
| 4:31 | Encolar | Villager (Male) |
| 4:57 | Construir | House |
| 5:03 | Encolar | Villager (Male) |
| 5:03 | Encolar | Villager (Male) |
| 5:32 | Construir | Mill |
| 5:42 | Construir | House |
| 6:42 | Encolar | Villager (Male) |
| 6:42 | Encolar | Villager (Male) |
| 6:49 | Encolar | Villager (Male) |
| 7:05 | Construir | House |
| 7:08 | Encolar | Villager (Male) |
| 7:35 | Construir | Palisade Wall |
| 7:38 | Encolar | Villager (Male) |
| 7:47 | Encolar | Villager (Male) |
| 8:14 | Construir | Palisade Wall |
| 8:35 | Encolar | Villager (Male) |
| 8:40 | Construir | Palisade Wall |
| 8:55 | Encolar | Villager (Male) |
| 9:01 | Construir | Palisade Wall |
| 9:05 | Construir | House |
| 9:06 | Construir | House |
| 9:25 | Investigar | Feudal Age |
| 9:55 | Construir | Palisade Wall |
| 10:15 | Construir | House |
| 10:16 | Construir | House |
| 10:45 | Construir | Mill |
| 11:26 | Construir | Palisade Wall |
| 11:30 | Encolar | Villager (Male) |
| 11:35 | Edad | Edad Feudal |
| 11:39 | Encolar | Villager (Male) |
| 11:42 | Investigar | Double-Bit Axe |
| 11:49 | Construir | Stone Wall |
| 11:55 | Encolar | Villager (Male) |
| 12:08 | Construir | Stone Wall |
| 12:10 | Encolar | Villager (Male) |
| 12:15 | Construir | Mining Camp |
| 12:29 | Construir | Stone Wall |
| 12:53 | Encolar | Villager (Male) |
| 13:13 | Encolar | Villager (Male) |
| 13:22 | Construir | Stone Wall |
| 13:53 | Encolar | Villager (Male) |
| 13:56 | Encolar | Villager (Male) |
| 14:12 | Construir | Watch Tower |
| 14:22 | Encolar | Villager (Male) |
| 14:39 | Construir | House |
| 14:41 | Construir | House |
| 15:09 | Encolar | Villager (Male) |
| 15:15 | Construir | Barracks |
| 15:28 | Construir | Lumber Camp |
| 15:34 | Encolar | Villager (Male) |
| 15:44 | Construir | Stone Wall |
| 15:54 | Construir | Stone Wall |
| 16:01 | Encolar | Villager (Male) |
| 16:14 | Construir | Blacksmith |
| 16:19 | Encolar | Villager (Male) |
| 16:45 | Construir | Farm |
| 16:49 | Investigar | Horse Collar |
| 16:58 | Construir | Stone Wall |
| 17:01 | Encolar | Villager (Male) |
| 17:04 | Construir | Farm |
| 17:17 | Construir | Stone Wall |
| 17:19 | Encolar | Villager (Male) |
| 17:24 | Construir | Farm |
| 17:32 | Construir | Farm |
| 17:44 | Investigar | Wheelbarrow |
| 17:55 | Construir | Archery Range |
| 18:25 | Construir | Lumber Camp |
| 18:36 | Encolar | Villager (Male) |
| 18:40 | Construir | Farm |
| 18:42 | Construir | Farm |
| 18:53 | Construir | Farm |
| 18:54 | Encolar | Archer |
| 19:11 | Construir | Farm |
| 19:12 | Construir | Farm |
| 19:26 | Encolar | Villager (Male) |
| 19:28 | Construir | Farm |
| 19:30 | Construir | Farm |
| 19:34 | Construir | Farm |
| 19:39 | Construir | House |
| 19:40 | Construir | House |
| 19:47 | Construir | Farm |
| 19:50 | Investigar | Town Watch |
| 20:03 | Construir | Farm |
| 20:10 | Construir | Farm |
| 20:16 | Construir | House |
| 20:23 | Encolar | Villager (Male) |
| 20:29 | Construir | Farm |
| 20:47 | Encolar | Villager (Male) |
| 20:56 | Construir | Farm |
| 21:00 | Construir | Farm |
| 21:07 | Investigar | Fletching |
| 21:08 | Encolar | Archer |
| 21:10 | Encolar | Villager (Male) |
| 21:19 | Construir | Mill |
| 21:22 | Construir | Farm |
| 21:24 | Construir | Farm |
| 21:31 | Investigar | Gold Mining |
| 21:41 | Encolar | Villager (Male) |
| 21:47 | Construir | Farm |
| 22:01 | Encolar | Archer |
| 22:09 | Investigar | Castle Age |
| 22:25 | Construir | Farm |
| 22:27 | Investigar | Stone Mining |
| 22:46 | Encolar | Archer |
| 23:01 | Construir | Farm |
| 23:16 | Encolar | Archer |
| 23:25 | Construir | House |
| 23:27 | Construir | House |
| 24:02 | Construir | Stone Wall |
| 24:17 | Construir | Stone Wall |
| 24:36 | Construir | Stone Wall |
| 24:46 | Construir | Stone Wall |
| 24:49 | Edad | Edad de los Castillos |
| 24:52 | Encolar | Villager (Male) |
| 25:03 | Construir | Siege Workshop |
| 25:10 | Encolar | Villager (Male) |
| 25:13 | Investigar | Bow Saw |
| 25:16 | Investigar | Heavy Plow |
| 25:18 | Encolar | Villager (Male) |
| 25:40 | Encolar | Villager (Male) |
| 25:53 | Encolar | Villager (Male) |
| 26:00 | Construir | Siege Workshop |
| 26:09 | Encolar | Villager (Male) |
| 26:25 | Construir | Castle |
| 26:36 | Encolar | Villager (Male) |
Cronología de la partida
| 1:02 | Gilbert builds a Blacksmith · wall_segment Palisade Wall x8 |
| 3:20 | Banana Latte · first_building Barracks |
| 7:35 | Gilbert builds a Blacksmith · wall_segment Palisade Wall x8 |
| 8:14 | Gilbert builds a Blacksmith · wall_segment Palisade Wall x9 |
| 8:40 | Gilbert builds a Blacksmith · wall_segment Palisade Wall x3 |
| 9:01 | Gilbert builds a Blacksmith · wall_segment Palisade Wall x7 |
| 9:55 | Gilbert builds a Blacksmith · wall_segment Palisade Wall x10 |
| 11:26 | Gilbert builds a Blacksmith · wall_segment Palisade Wall x8 |
| 11:35 | Gilbert builds a Blacksmith · age_up feudal |
| 11:49 | Gilbert builds a Blacksmith · wall_segment Stone Wall x1 |
| 12:08 | Gilbert builds a Blacksmith · wall_segment Stone Wall x1 |
| 12:19 | Banana Latte · age_up feudal |
| 12:29 | Gilbert builds a Blacksmith · wall_segment Stone Wall x8 |
| 13:22 | Gilbert builds a Blacksmith · wall_segment Stone Wall x9 |
| 15:15 | Gilbert builds a Blacksmith · first_building Barracks |
| 15:44 | Gilbert builds a Blacksmith · wall_segment Stone Wall x6 |
| 15:54 | Gilbert builds a Blacksmith · wall_segment Stone Wall x2 |
| 16:58 | Gilbert builds a Blacksmith · wall_segment Stone Wall x5 |
| 17:17 | Gilbert builds a Blacksmith · wall_segment Stone Wall x2 |
| 17:55 | Gilbert builds a Blacksmith · first_building Archery Range |
| 20:04 | Banana Latte · first_market_sell 100 wood |
| 23:04 | Banana Latte · age_up castle |
| 23:20 | Banana Latte · first_building Castle |
| 24:02 | Gilbert builds a Blacksmith · wall_segment Stone Wall x9 |
| 24:17 | Gilbert builds a Blacksmith · wall_segment Stone Wall x4 |
| 24:36 | Gilbert builds a Blacksmith · wall_segment Stone Wall x11 |
| 24:46 | Gilbert builds a Blacksmith · wall_segment Stone Wall x10 |
| 24:49 | Gilbert builds a Blacksmith · age_up castle |
| 25:03 | Gilbert builds a Blacksmith · first_building Siege Workshop |
| 26:25 | Gilbert builds a Blacksmith · first_building Castle |
| 28:59 | Gilbert builds a Blacksmith · first_building Monastery |
| 31:58 | Gilbert builds a Blacksmith · first_building Stable |
| 32:13 | Gilbert builds a Blacksmith · age_up imperial |
| 32:28 | Banana Latte · first_market_buy 100 wood |
| 32:32 | Banana Latte · first_building Siege Workshop |
| 34:41 | Banana Latte · age_up imperial |
| 37:28 | Banana Latte · wall_segment Stone Wall x11 |
| 38:06 | Banana Latte · wall_segment Stone Wall x2 |
| 38:11 | Banana Latte · wall_segment Stone Wall x4 |
| 41:16 | Banana Latte · first_building Monastery |
| 60:29 | Banana Latte · wall_segment Stone Wall x24 |
| 62:53 | Gilbert builds a Blacksmith · wall_segment Stone Wall x20 |
| 65:42 | Gilbert builds a Blacksmith · resign |
[ ANÁLISIS IA · 1 CRÉDITO ]
¿Qué pasó realmente en esta partida?
Wolo.gg analiza cada decisión: build order, eco, micro, errores típicos por bracket. Análisis personalizado por WhatsApp o Discord en 30 segundos.
Guía civ
Bohemios
Perfil
Jugador #554857